 Dungeon Crawl Stone Soup version 0.21.1-1-g345015fe64 (webtiles) character file.

1022 Peloso the Slasher (level 8, -15/69 HPs)
             Began as a Minotaur Fighter on Feb 8, 2018.
             Demolished by Pikel
             ... wielding a +0 whip of electrocution
              (19 damage)
             ... on level 5 of the Dungeon.
             The game lasted 00:09:01 (3752 turns).

Peloso the Slasher (Minotaur Fighter)               Turns: 3752, Time: 00:09:02

Health: -15/69     AC: 13    Str: 21    XL:     8   Next: 2%
Magic:  7/7        EV:  7    Int:  5    God:
Gold:   186        SH: 10    Dex: 12    Spells: 7/7 levels left

rFire    + + .     SeeInvis .   a - +0 long sword
rCold    . . .     Gourm    .   c - +0 shield
rNeg     . . .     Faith    .   d - +2 chain mail {rF+}
rPois    .         Spirit   .   (helmet restricted)
rElec    .         Reflect  .   t - +0 cloak
rCorr    .         Harm     .   (no gloves)
MR       .....                  (no boots)
Stlth    ..........             e - amulet of regeneration
HPRegen  0.61/turn              o - ring of fire
MPRegen  0.10/turn              w - ring of protection from cold

@: hasted, very quick
A: retaliatory headbutt, horns 2
a: no special abilities


You were on level 5 of the Dungeon.
You were hungry.

You visited 1 branch of the dungeon, and saw 5 of its levels.

You collected 186 gold pieces.

Inventory:

Hand Weapons
 a - a +0 long sword (weapon)
 b - a +1 dagger of protection
 p - a +2 dagger of electrocution
Armour
 c - a +0 shield (worn)
 d - a +2 chain mail of fire resistance (worn)
 t - a +0 cloak (worn)
Jewellery
 e - an amulet of regeneration (around neck)
 m - an uncursed amulet of magic regeneration
 o - a ring of fire (left hand)
 r - an uncursed ring of wizardry
 w - a ring of protection from cold (right hand)
Wands
 s - a wand of digging (13)
 x - a wand of acid (10)
Scrolls
 i - a scroll of fear {unknown}
 k - a scroll of blinking {unknown}
 n - a scroll of noise {unknown}
 u - a scroll of amnesia {unknown}
Potions
 h - a potion of flight
 j - 2 potions of agility
 l - a potion of mutation
 q - a potion of brilliance
Comestibles
 f - 8 rations
 g - 2 chunks of flesh


   Skills:
 + Level 5.5 Fighting
 + Level 7.0 Long Blades
 + Level 6.4 Armour
 + Level 2.0 Dodging
 + Level 0.9 Stealth
 + Level 6.0 Shields


You had 7 spell levels left.
You didn't know any spells.

Dungeon Overview and Level Annotations

Branches:
Dungeon (5/15)
 Temple: D:4-7

Altars:
Sif Muna
Trog

Annotations:
D:5 Pikel


Innate Abilities, Weirdness & Mutations

You reflexively headbutt those who attack you in melee.
You have a pair of horns on your head.


Message History

You completely miss Pikel.
Pikel is moderately wounded.
You block Pikel's attack.
You barely miss Pikel. You headbutt Pikel!
Pikel is heavily wounded.
You block Pikel's attack.
You hit Pikel.
Pikel is heavily wounded.
Pikel says, "You'll fetch a fair price!"
Pikel hits you but does no damage.
You closely miss Pikel. Your headbutt misses Pikel.
Pikel is heavily wounded.
Pikel hits you with a whip of electrocution!
* * * LOW HITPOINT WARNING * * *
You block Pikel's attack.
It was a potion of haste.
You feel yourself speed up.
Pikel hits you with a whip of electrocution.
* * * LOW HITPOINT WARNING * * *
You are electrocuted!
You die...

..(# #.. #...# #.#
.....##.# ......#.#
......# . ....# #..
#..#
.....##<.######.####
#......pK@........
....###..###########
.# #.... #..### .#.#
K..)$ #.##.. #. #..#


You could see Pikel and a slave.

Vanquished Creatures
  Eustachio (D:3)
  Duvessa (D:4)
  3 slaves (D:5)
  The ghost of knivbjorn the Skirmisher, an amateur HOFi (D:3)
  2 ogres (D:4)
  Dowan (D:4)
  A howler monkey (D:4)
  A crimson imp (D:3)
  3 hounds
  A bullfrog skeleton (D:5)
  A jelly (D:2)
  Crazy Yiuf (D:3)
  Jessica (D:3)
  2 worker ants
  6 adders
  2 oozes
  4 worms
  2 dart slugs
  A leopard gecko (D:3)
  2 orcs
  A giant cockroach (D:4)
  4 goblins
  7 hobgoblins
  23 jackals
  3 kobolds
  A quokka (D:3)
  A ball python (D:3)
  8 bats
  3 frilled lizards
  13 rats
101 creatures vanquished.

Notes
Turn   | Place    | Note
-------+----------+-------------------------------------------
     0 | D:1      | Peloso the Minotaur Fighter began the quest for the Orb.
     0 | D:1      | Reached XP level 1. HP: 19/19 MP: 0/0
   559 | D:1      | Reached XP level 2. HP: 27/27 MP: 1/1
  1233 | D:2      | Reached skill level 3 in Long Blades
  1233 | D:2      | Reached XP level 3. HP: 23/33 MP: 2/2
  1339 | D:2      | Reached XP level 4. HP: 30/40 MP: 3/3
  1910 | D:3      | Found a faded altar of an unknown god.
  1924 | D:3      | Reached skill level 5 in Armour
  1937 | D:3      | Reached skill level 4 in Long Blades
  1937 | D:3      | Reached XP level 5. HP: 41/46 MP: 4/4
  2009 | D:3      | Noticed knivbjorn's ghost (amateur HOFi)
  2037 | D:3      | Killed knivbjorn's ghost
  2056 | D:3      | Reached XP level 6. HP: 53/53 MP: 5/5
  2097 | D:3      | Noticed Jessica
  2213 | D:3      | Noticed a moth of wrath
  2215 | D:3      | Found a bloodstained altar of Trog.
  2232 | D:3      | Reached skill level 5 in Long Blades
  2479 | D:3      | Found a deep blue altar of Sif Muna.
  2487 | D:3      | Killed Jessica
  2674 | D:3      | Found a runed door.
  2790 | D:3      | Noticed Crazy Yiuf
  2795 | D:3      | Killed Crazy Yiuf
  2795 | D:3      | Reached skill level 1 in Dodging
  2997 | D:4      | Noticed Eustachio
  3054 | D:3      | Killed Eustachio
  3054 | D:3      | Reached skill level 5 in Fighting
  3054 | D:3      | Reached skill level 5 in Shields
  3054 | D:3      | Reached XP level 7. HP: 61/61 MP: 6/6
  3273 | D:4      | Noticed Duvessa
  3274 | D:4      | Noticed Dowan
  3284 | D:4      | Killed Duvessa
  3284 | D:4      | Reached skill level 6 in Long Blades
  3286 | D:4      | Killed Dowan
  3658 | D:5      | Entered Level 5 of the Dungeon
  3718 | D:5      | Reached skill level 7 in Long Blades
  3718 | D:5      | Reached XP level 8. HP: 63/69 MP: 7/7
  3727 | D:5      | Noticed Pikel
  3752 | D:5      | Demolished by Pikel

Skill      XL: |  1  2  3  4  5  6  7 |
---------------+----------------------+-----
Fighting       | 4 5 |  5.5
Long Blades    | 3 4 5 7 |  7.0
Armour         | 4 5 6 |  6.4
Shields        | 4 5 6 |  6.0
Dodging        | 1 2 |  2.0
Stealth        | |  0.9

Action                   |  1- 3 |  4- 6 |  7- 9 || total
-------------------------+-------+-------+-------++-------
Melee: Long sword        |    67 |   147 |    94 ||   308
       Headbutt          |    13 |    30 |    16 ||    59
Evoke: Wand              |       |       |     1 ||     1
  Use: Scroll            |       |       |     4 ||     4
       Potion            |       |       |     2 ||     2
 Stab: Invisible         |       |     1 |       ||     1
  Eat: Chunk             |     1 |     5 |     3 ||     9
Armor: Scale mail        |    31 |    48 |     7 ||    86
       Chain mail        |       |       |    26 ||    26
Dodge: Dodged            |    23 |    46 |    21 ||    90
Block: Shield            |    35 |    95 |    34 ||   164
       Rpst.: Long sword |     3 |    11 |     7 ||    21
